 Dungeon Crawl Stone Soup version 0.16.2-12-gd0ad4c3 (webtiles) character file.

903 Charly the Cleaver (level 7, -9/58 HPs)
             Began as a Deep Dwarf Gladiator on July 31, 2016.
             Mangled by a boring beetle (18 damage)
             ... on level 8 of the Dungeon.
             The game lasted 00:14:50 (602 turns).

Charly the Cleaver (Deep Dwarf Gladiator)            Turns: 602, Time: 00:14:50

Health: -9/58      AC:  8    Str: 18    XL:     7   Next: 80%
Magic:  6/6        EV: 11    Int:  9    God:
Gold:   74         SH:  0    Dex: 15    Spells: 0 memorised, 6 levels left

rFire  . . .     SeeInvis .     a - +0 war axe
rCold  . . .     Clarity  .     j - +0 scale mail
rNeg   . . .     SustAb   .     (no shield)
rPois  .         Gourm    .     c - +1 helmet
rElec  .         Spirit   .     (no cloak)
rCorr  +         Warding  .     (no gloves)
rMut   .         Stasis   .     (no boots)
MR     +....                    h - amulet of resist corrosion
Stlth  ..........               (no ring)
                                (no ring)

@: lethally poisoned (-9 -> -9), non-regenerating, somewhat resistant to hostile
enchantments, extremely unstealthy
A: damage resistance, recharge devices, sense surroundings 1, slow healing 3
a: Device Recharging


You were on level 8 of the Dungeon.
You were not hungry.

You visited 2 branches of the dungeon, and saw 9 of its levels.

You collected 74 gold pieces.

Inventory:

Hand weapons
 a - a +0 war axe (weapon)
Missiles
 d - 2 throwing nets (quivered)
Armour
 c - a +1 helmet (worn)
 j - a +0 scale mail (worn)
Jewellery
 h - an amulet of resist corrosion (around neck)
Magical devices
 e - a wand of heal wounds (1)
 i - a wand of fire (6)
Scrolls
 b - a scroll of identify {unknown}
 m - a scroll of teleportation {unknown}
Potions
 g - a potion of heal wounds {unknown}
 l - 2 potions of ambrosia {unknown}
Comestibles
 f - 3 bread rations
 k - 3 meat rations


   Skills:
 - Level 1.7 Fighting
 + Level 10.3 Axes
 - Level 1.7 Throwing
 - Level 3.2 Dodging


You had 6 spell levels left.
You didn't know any spells.

Dungeon Overview and Level Annotations

Branches:
Dungeon (8/15)             Temple (1/1) D:5
   Lair: D:8-11

Altars:
Ashenzari
Dithmenos
Elyvilon
Gozag
Nemelex Xobeh
Okawaru
Qazlal
Ru
Sif Muna
Trog
Vehumet
Xom
Yredelemnul
The Shining One


Innate Abilities, Weirdness & Mutations

You are resistant to damage.
You can recharge devices by infusing magical energy.
You passively map a small area around you.
You do not heal naturally.


Message History

You barely miss the worker ant.
The worker ant is severely wounded.
The worker ant barely misses you.
Unknown command.
You hit the worker ant.
The worker ant is severely wounded.
The worker ant bites you.
* * * LOW HITPOINT WARNING * * *
You are more poisoned.
The worker ant poisons you!
You hit the worker ant but do no damage.
The worker ant is severely wounded.
The worker ant bites you but does no damage.
The worker ant closely misses you.
You slash the worker ant!
You kill the worker ant!
You see here a worker ant corpse.
A boring beetle comes into view.
The boring beetle bites you!!
You die...

.............# ,
.............# *
#+##..##..(#.##
####.##..##...#..#
#.....#....###.#
#.....#....#.#†##
#.....'....##...# ,
+...(.#....#..†##
##...##.##g##@#.#
...##<..##.##.#.#B##
...........#..##+##
......(....+... , *
...........#...
...###+##### . * ...
, +# , , , ,


You could see a boring beetle.

Vanquished Creatures
  An unseen horror (D:7)
  An ice beast (D:8)
  A boring beetle (D:8)
  A big kobold (D:7)
  A jelly (D:7)
  An orc priest (D:7)
  2 worker ants (D:8)
  An orc wizard (D:7)
  A killer bee zombie (D:7)
  7 orcs (D:7)
  A bat (D:1)
  4 hobgoblins
  2 jackals (D:3)
  A giant cockroach (D:3)
  A giant gecko skeleton (D:6)
  4 goblins
  10 kobolds
  A rat (D:7)
41 creatures vanquished.

Notes
Turn   | Place    | Note
--------------------------------------------------------------
     0 | D:1      | Charly, the Deep Dwarf Gladiator, began the quest for the Orb.
     0 | D:1      | Reached XP level 1. HP: 19/19 MP: 1/1
   123 | D:2      | -1
   144 | D:3      | Reached skill level 4 in Axes
   144 | D:3      | Reached XP level 2. HP: 9/26 MP: 2/2
   251 | D:5      | Entered Level 5 of the Dungeon
   251 | D:5      | Found a staircase to the Ecumenical Temple.
   256 | Temple   | Entered the Ecumenical Temple
   332 | D:5      | Found a shadowy altar of Dithmenos.
   332 | D:5      | Found a bloodstained altar of Trog.
   361 | D:6      | Noticed a gnoll sergeant
   421 | D:7      | Noticed a big kobold
   435 | D:7      | Killed a big kobold
   435 | D:7      | Reached skill level 5 in Axes
   435 | D:7      | Reached XP level 3. HP: 8/32 MP: 3/3
   435 | D:7      | Reached XP level 4. HP: 9/39 MP: 4/4
   461 | D:7      | Reached skill level 6 in Axes
   467 | D:7      | Reached XP level 5. HP: 25/45 MP: 5/5
   513 | D:7      | Killed an unseen horror
   513 | D:7      | Reached skill level 9 in Axes
   513 | D:7      | Reached XP level 6. HP: 25/52 MP: 5/5
   513 | D:7      | Reached XP level 7. HP: 27/58 MP: 6/6
   594 | D:8      | Reached skill level 10 in Axes
   602 | D:8      | Mangled by a boring beetle

Action                   |  1- 3 |  4- 6 |  7- 9 || total
-------------------------+-------+-------+-------++-------
Melee: War axe           |    42 |    49 |    41 ||   132
Throw: Throwing net      |     1 |       |     2 ||     3
 Abil: Device Recharging |       |     1 |       ||     1
Evoke: Wand              |       |     9 |     1 ||    10
  Use: Scroll            |     3 |       |       ||     3
 Stab: Held in net/web   |       |       |     2 ||     2
  Eat: Pizza             |     1 |       |       ||     1
